 Dungeon Crawl Stone Soup version 0.26-a0-958-gf3041fb45f (webtiles) character file.

Game seed: 12203988208861915881

6 Dracia the Ruffian (level 1, 0/16 HPs)
             Began as a Draconian Transmuter on Dec 1, 2020.
             Killed from afar by a dart slug (1 damage)
             ... with a slug dart
             ... on level 1 of the Dungeon.
             The game lasted 00:00:17 (166 turns).

Dracia the Ruffian (Draconian Transmuter)            Turns: 166, Time: 00:00:18

Health: 0/16       AC:  4    Str: 12    XL:     1   Next: 75%
Magic:  2/3        EV: 12    Int: 13    God:
Gold:   0          SH:  0    Dex: 11    Spells: 3/4 levels left

rFire    . . .     SeeInvis .     - Unarmed
rCold    . . .     Faith    .   (no shield)
rNeg     . . .     Spirit   .   (armour unavailable)
rPois    .         Reflect  .   (helmet restricted)
rElec    .         Harm     .   (no cloak)
rCorr    .         Rampage  .   (no gloves)
MR       .....                  (no boots)
Stlth    +.........             (no amulet)
HPRegen  0.05/turn              (no ring)
MPRegen  0.08/turn              (no ring)

@: very slightly contaminated
A: unfitting armour, cold-blooded, AC +4
a: no special abilities


You were on level 1 of the Dungeon.
You visited 1 branch of the dungeon, and saw 1 of its levels.


Innate Abilities, Weirdness & Mutations

Your plain brown scales are hard. (AC +4)
You cannot fit into any form of body armour.
You are cold-blooded and may be slowed by cold attacks.


   Skills:
 - Level 1.1 Fighting
 - Level 1.7 Dodging
 * Level 3.3 Unarmed Combat
 - Level 2.0 Spellcasting
 + Level 2.1 Transmutations


You had 3 spell levels left.
You knew the following spells:

 Your Spells              Type           Power        Failure   Level
a - Beastly Appendage     Tmut           #.....       11%         1

Your spell library contained the following spells:

 Spells                   Type           Power        Failure   Level
 Wereblood                Tmut           #.......     16%         2
 Spider Form              Tmut/Pois      #.........   43%         3
 Ice Form                 Ice/Tmut       #.......     85%         4
 Blade Hands              Tmut           #.........   96%         5

You aren't carrying anything.

Dungeon Overview and Level Annotations

Branches:
Dungeon (1/15)

Altars:

..# #.. ..# #.#
#.# ... #. #.#
#.####..# #.#
#.# #).......
#.# #.# #w# ##.#
#.# #@# ..# #.#
#.# #.#
#.#####.#
#.###†......# #
#..†.)......#
#.##.###########
#....####
#.......#
#..####.#


You could see a dart slug.


Message History

You see here a hobgoblin corpse.
You hit the hobgoblin. Your kick misses the hobgoblin.
The hobgoblin is heavily wounded.
The hobgoblin closely misses you.
You hit the hobgoblin but do no damage. Your kick misses the hobgoblin.
Your tail-slap misses the hobgoblin.
You punch the hobgoblin.
The hobgoblin is severely wounded.
The hobgoblin hits you but does no damage.
You hit the hobgoblin but do no damage.
The hobgoblin is severely wounded.
Your horns disappear.
Your talons disappear.
The hobgoblin closely misses you.
You hit the hobgoblin.
You kill the hobgoblin!
The dart slug bites you but does no damage.
The dart slug launches a dart at you. The slug dart hits you.
* * * LOW HITPOINT WARNING * * *
Unknown command.
Unknown command.
Casting: Beastly Appendage (safe; 11% risk of failure)
Confirm with . or Enter, or press ? or * to list all spells.
You miscast Beastly Appendage.
You are very lightly contaminated with residual magic.
Nothing appears to happen.
Unknown command.
You are too injured to fight recklessly!
The dart slug launches a dart at you. The slug dart hits you.
You die...

Action                   || total
-------------------------++-------
Melee: Unarmed           ||    18
       Tailslap          ||     1
       Punch             ||     1
 Cast: Beastly Appendage ||     1
Armor: Skin              ||     6
Dodge: Dodged            ||    15

Levels and vault maps discovered:
D:1:      tarquinn_simple_flora_water_b, layout_loops_ring, minmay_domino_4

Notes
Turn   | Place    | Note
-------+----------+-------------------------------------------
     0 | D:1      | Dracia the Draconian Transmuter began the quest for the
                  | Orb.
     0 | D:1      | Reached XP level 1. HP: 16/16 MP: 3/3
   163 | D:1      | HP: 1/16 [dart slug/slug dart (5)]
   166 | D:1      | Killed from afar by a dart slug

Vanquished Creatures
  2 hobgoblins (D:1)
  2 jackals (D:1)
  A rat (D:1)
5 creatures vanquished.

Table legend: (Time is in decaauts)
 A = Elapsed time spent in this place.
 B = Non-inter-level travel time spent in this place.
 C = Inter-level travel time spent in this place.
 D = Time resting spent in this place.
 E = Time spent auto-exploring this place.
 F = Levels seen in this place.
 G = Mean time per level.
                   A        B        C        D        E       F      G
               +--------+--------+--------+--------+--------+-----+--------+
         Total |    165 |    165 |      0 |      0 |    134 |   1 |  165.0 |
       Dungeon |    165 |    165 |      0 |      0 |    134 |   1 |  165.0 |
               +--------+--------+--------+--------+--------+-----+--------+

Top non-repeatable levels by time:
     D:1: 165 daAuts

Table legend:
 A = Non-vault XP
 B = Vault XP
 C = Vault XP percentage of total XP
 D = Non-vault monster count
 E = Vault monster count
 F = Vault count percentage of total count
                 A         B        C        D         E       F
            +---------+---------+-------+---------+---------+-------
      Total |       9 |       0 |   0.0 |       5 |       0 |   0.0
            +---------+---------+-------+---------+---------+-------
        D:1 |       9 |       0 |   0.0 |       5 |       0 |   0.0
            +---------+---------+-------+---------+---------+-------
